Map: King's Cove LE

Players

Pindaman - Winner!

  • Race: Terran Terran
  • League: Platinum
  • Spawn Location: 11:00

MechaCaulk

  • Race: Zerg Zerg
  • League: Gold
  • Spawn Location: 5:00

VOD

Have the link to the VOD?

Description

Time

  • Played on: March 20, 2019, 6:17 a.m.
  • Length: 24:28
Show
View Real Time Build Order
Export as new Build Order

Pindaman Terran - Winner!

Build Orders: Reaper Expand 

Get SALT Encoding   

  12  0:01  SCV  
  13  0:19  SCV  
  13  0:20  Supply Depot  
  14  0:37  SCV  
  15  0:43  Refinery  
  15  0:45  Barracks  
  15  0:53  SCV  
  16  1:05  SCV  
  17  1:17  SCV  
  18  1:29  SCV  
  19  1:43  Reaper  
  19  1:44  Command Center  
  19  1:56  SCV  
  19  1:57  Supply Depot  
  20  2:08  Orbital Command  
  20  2:16  Marine  
  21  2:33  Marine  
  21  2:35  Factory  
  22  2:43  SCV  
  23  2:51  Marine  
  23  2:55  SCV  
  25  3:04  Orbital Command  
  25  3:07  Factory  
  25  3:10  SCV  
  25  3:28  Factory Tech Lab  
  25  3:30  SCV  
  26  3:34  Marine  
  27  3:43  SCV x2  
  27  3:48  Hellion  
  31  3:50  Infernal Pre-Igniter  
  31  3:53  Hellion  
  33  4:00  SCV  
  33  4:02  Orbital Command  
  34  4:15  Engineering Bay  
  34  4:16  Hellion, SCV  
  37  4:18  Marine  
  38  4:30  Factory Tech Lab  
  38  4:35  SCV  
  38  4:36  SCV, Refinery  
  38  5:09  SCV x2  
  38  5:13  Factory  
  40  5:14  Starport  
  40  5:20  Hellion x2  
  44  5:21  SCV  
  45  5:32  SCV  
  46  5:38  Command Center  
  46  5:40  SCV  
  46  5:41  Hellion  
  46  5:42  Supply Depot  
  49  5:44  Supply Depot, Barracks  
  49  5:46  Hellion  
  49  5:47  Barracks, Marine  
  52  5:52  SCV  
  52  5:53  SCV, Starport Reactor  
  54  6:05  Hellion x2, Missile Turret, Marine  
  54  6:07  Hellion  
  61  6:11  SCV  
  61  6:12  SCV  
  61  6:18  Missile Turret  
  63  6:25  SCV x2  
  65  6:26  Hellion  
  65  6:28  Marine  
  65  6:31  Hellion  
  70  6:44  Barracks Tech Lab, Supply Depot, Barracks Reactor  
  70  6:50  SCV x2, Hellion, Marine  
  67  7:02  SCV  
  66  7:13  Factory Tech Lab  
  66  7:14  Command Center  
  62  7:20  Armory  
  62  7:24  SCV x2  
  62  7:29  Marine x3  
  64  7:30  Marine  
  64  7:33  Widow Mine  
  64  7:41  Planetary Fortress  
  64  7:45  Hellion x2  
  64  7:47  Medivac, Marine x2  
  64  7:50  SCV x2  
  74  7:54  Hellion  
  76  8:06  Hellion  
  76  8:08  Armory  
  66  8:30  SCV x4  
  66  8:33  Marine x4  
  74  8:34  Hellion x2  
  74  8:35  Hellion  
  74  8:37  Liberator  
  78  8:42  SCV  
  79  8:52  Marine x4  
  88  8:56  Hellion x3  
  90  9:04  Medivac  
  90  9:06  SCV x4  
  90  9:09  Marine x2  
  96  9:10  Marine x2  
  102  9:17  Hellion  
  102  9:18  SCV  
  103  9:27  Marine  
  102  9:52  Missile Turret  
  96  9:57  Command Center, Marine x4  
  96  9:58  Hellion  
  96  9:59  Hellion x2  
  106  10:01  Missile Turret, Stimpack  
  106  10:03  Medivac  
  108  10:17  Marine  
  108  10:23  SCV  
  108  10:28  Missile Turret  
  108  10:31  SCV x2, Hellion x3  
  108  10:33  Supply Depot  
  108  10:34  Orbital Command  
  116  10:38  Supply Depot  
  116  10:39  Medivac  
  116  10:49  SCV x2  
  116  10:56  Marine x3  
  116  10:57  Marine  
  109  10:58  Hellion x3  
  116  11:08  Smart Servos  
  116  11:11  Medivac x2  
  118  11:12  SCV x4  
  118  11:14  Marine x3  
  118  11:15  Supply Depot  
  118  11:16  Supply Depot  
  127  11:19  Hellion  
  127  11:20  Hellion x2  
  121  11:40  Marine  
  121  11:41  Marine x3  
  121  11:43  Hellion x3  
  112  11:58  Terran Infantry Armor Level 1, Marine x2  
  112  11:59  Marine  
  113  12:04  Hellion  
  113  12:09  Marine  
  113  12:10  Hellion x2  
  118  12:15  Command Center  
  118  12:16  Terran Vehicle And Ship Armor Level 1, Marine x2  
  118  12:17  Terran Vehicle Weapons Level 1  
  118  12:20  SCV x4  
  118  12:22  Engineering Bay  
  124  12:26  Hellion  
  124  12:27  Planetary Fortress  
  126  12:32  Hellion, SCV  
  126  12:33  SCV x3  
  118  12:43  Marine x3  
  118  12:44  Marine  
  122  12:46  Combat Shield, Missile Turret x2  
  122  12:47  Missile Turret  
  122  12:50  Widow Mine x2  
  122  12:51  SCV x4  
  130  12:55  Hellion  
  132  13:01  Marine x2  
  132  13:02  Marine, Marauder  
  132  13:03  SCV  
  138  13:07  Missile Turret  
  138  13:12  Hellion x2  
  142  13:14  Viking  
  142  13:16  Hellion  
  142  13:19  Marine x2  
  132  13:29  Marine x2  
  132  13:32  Sensor Tower  
  132  13:33  Hellion x2  
  138  13:37  Marine x2  
  140  13:45  Viking  
  140  13:46  Hellion  
  140  13:47  Marine x2  
  146  13:54  Hellion x2  
  132  14:14  Marine  
  132  14:15  Marine x3  
  134  14:17  Thor  
  134  14:21  SCV x3  
  134  14:43  Marine x4  
  138  14:45  Cyclone  
  138  14:55  Command Center  
  138  14:59  Hellion  
  140  15:00  Hellion  
  140  15:01  Marine  
  140  15:04  Barracks  
  143  15:12  Marine x3  
  143  15:13  Viking x2  
  140  15:18  Marine  
  137  15:29  Refinery  
  137  15:30  Refinery, Marine  
  137  15:31  Marine x2  
  137  15:32  Hellion x3  
  137  15:33  SCV x4  
  151  15:41  Refinery  
  150  15:48  Planetary Fortress  
  150  15:50  Marine x4  
  150  15:53  Hellion x2  
  158  16:00  Refinery  
  158  16:04  Missile Turret  
  158  16:05  Missile Turret  
  158  16:08  Marine x4  
  162  16:11  Medivac  
  164  16:33  Marine x4  
  164  16:34  Hellion x3  
  164  16:35  SCV x5  
  140  16:51  Marine  
  140  16:53  Marine x3  
  135  16:54  Viking x2  
  135  16:55  SCV x5  
  135  16:56  Hellion x2  
  148  17:05  Hellion  
  150  17:08  Marine  
  150  17:11  Terran Vehicle And Ship Armor Level 2, Marine x3  
  149  17:17  Hellion x2  
  153  17:26  Marine  
  153  17:28  Missile Turret  
  153  17:29  Marine x2  
  156  17:34  Barracks  
  156  17:36  Barracks  
  156  17:37  Command Center  
  156  17:39  Barracks x2  
  156  17:41  Barracks  
  156  17:43  Missile Turret  
  156  17:44  Missile Turret  
  156  17:47  Marine x4  
  156  17:48  Missile Turret  
  156  17:49  Planetary Fortress  
  156  17:51  SCV x2  
  162  17:53  Refinery  
  162  17:55  Hellion x3, Refinery  
  162  17:57  Medivac  
  170  17:58  Concussive Shells  
  170  18:04  Marine  
  170  18:05  Command Center, Marine x3  
  174  18:09  Barracks Reactor  
  174  18:14  SCV x2  
  174  18:15  SCV x3  
  174  18:16  Hellion  
  174  18:17  Hellion x2  
  185  18:23  Marine x3  
  185  18:24  Marine  
  185  18:25  Marine x2  
  185  18:26  SCV  
  184  18:35  Missile Turret, Marine x2  
  184  18:38  Hellion x3  
  184  18:40  Terran Ship Weapons Level 1  
  192  18:41  Marine  
  192  18:42  Terran Infantry Weapons Level 1  
  193  18:48  Marine x5  
  193  18:50  Refinery  
  198  18:59  Refinery  
  155  19:21  SCV, Marine x3  
  155  19:22  SCV x3  
  149  19:34  SCV x3  
  112  20:04  Marine x4  
  112  20:05  Marine x6  
  117  20:07  Viking x2  
  117  20:11  Command Center  
  117  20:13  Command Center  
  99  20:22  Marine x3  
  99  20:23  Marine x5  
  99  20:24  Marine x2  
  99  20:25  Hellion  
  99  20:26  Hellion x2  
  114  20:40  Marine x3  
  114  20:41  Marine x2  
  114  20:42  Barracks Reactor x2  
  119  20:43  Barracks Reactor  
  119  20:44  Barracks Reactor  
  119  20:46  Medivac x2  
  119  20:47  SCV x4, Hellion x3  
  133  20:55  Marine  
  133  20:56  Marine  
  135  20:57  Marine  
  135  20:58  Marine x2  
  135  20:59  SCV, Marine x2  
  141  21:08  SCV x3, Hellion  
  141  21:11  SCV  
  145  21:13  Marine x2  
  145  21:15  Marine x2  
  145  21:16  Marine x2  
  145  21:17  Marine  
  148  21:20  SCV  
  139  21:29  Marine  
  139  21:30  Marine x5  
  139  21:31  Marine x2  
  133  21:33  Hellion x3, Marine x3  
  133  21:34  Marine x2  
  140  21:42  Planetary Fortress  
  140  21:43  Planetary Fortress  
  140  21:46  Refinery  
  140  21:47  Refinery  
  140  21:48  Marine  
  140  21:49  Marine x5  
  140  21:50  Missile Turret  
  140  21:52  Missile Turret  
  146  21:54  Hellion x2  
  146  21:55  Hellion  
  146  22:00  Medivac x2  
  146  22:01  Marine x3  
  156  22:02  Marauder  
  156  22:05  Marine x3  
  156  22:06  Marine x3  
  156  22:07  Marine x2  
  169  22:11  Terran Infantry Armor Level 2  
  169  22:13  Missile Turret  
  169  22:15  Missile Turret  
  169  22:16  Hellion  
  169  22:19  Thor  
  177  22:23  Marauder  
  178  22:30  Medivac  
  178  22:36  Marine x5  
  185  22:50  Marine x4  
  185  22:51  Marine x4  
  191  22:53  Marine  
  191  22:54  Marine x2  
  182  23:00  Marine x2  
  182  23:01  Medivac x2  
  182  23:03  Hellion x3  
  194  23:08  Marine x2  
  193  23:13  Marine x2  
  193  23:14  Marine x6  
  191  23:24  Hellion x2  
  191  23:25  Command Center  
  188  23:35  Marine x2  
  188  23:36  Marine x4  
  190  23:49  Marine x4  
  190  23:50  Marauder, Marine  
Show
View Real Time Build Order
Export as new Build Order

MechaCaulk Zerg 

Build Orders: Pool First, Muta Ling Bane 

Get SALT Encoding   

  12  0:01  Drone  
  13  0:09  Drone  
  13  0:14  Extractor  
  13  0:16  Drone  
  15  0:33  Spawning Pool  
  14  0:39  Overlord  
  14  1:02  Drone  
  15  1:20  Zergling x2  
  15  1:21  Zergling x4  
  18  1:41  Hatchery  
  17  1:52  Extractor  
  16  1:54  Drone x3  
  16  1:56  Roach Warren, Queen  
  20  2:07  Overlord  
  20  2:42  Drone x3  
  22  3:11  Drone x2  
  24  3:17  Queen  
  24  3:18  Queen  
  26  3:27  Overlord  
  26  3:28  Drone x2  
  26  3:29  Drone x2  
  30  3:40  Zergling x2  
  30  3:41  Zergling x2  
  32  3:50  Zergling x4  
  34  4:07  Metabolic Boost  
  34  4:10  Drone x3  
  37  4:18  Extractor  
  37  4:24  Drone x3  
  39  4:27  Spore Crawler  
  39  4:30  Spore Crawler  
  39  4:33  Pneumatized Carapace  
  37  4:43  Drone x3, Overlord x3  
  40  4:51  Extractor  
  40  4:52  Extractor  
  37  5:02  Zergling x10  
  37  5:03  Zergling x4  
  41  5:31  Drone x3  
  41  5:32  Drone x2  
  46  5:40  Zergling x2  
  47  5:45  Baneling Nest  
  46  5:50  Drone x2  
  46  5:51  Drone x3  
  51  6:03  Drone x4  
  55  6:12  Lair  
  55  6:19  Hatchery  
  54  6:31  Zergling x10  
  54  6:32  Zergling x8  
  59  7:13  Overlord x4  
  54  7:31  Spire, Zergling x2  
  54  7:32  Zergling x18  
  54  7:33  Zergling x6  
  52  8:02  Baneling x2  
  52  8:03  Baneling x3  
  52  8:04  Zergling x16  
  60  8:18  Overseer  
  60  8:23  Zergling x14  
  60  8:24  Zergling x10  
  65  8:29  Drone x3  
  67  8:38  Centrifical Hooks  
  67  8:41  Drone x3  
  69  9:06  Drone x3  
  69  9:07  Drone  
  73  9:20  Mutalisk x9  
  81  9:51  Zergling x12  
  81  9:52  Zergling x6  
  88  9:56  Overlord x2  
  88  10:19  Hatchery, Baneling  
  88  10:20  Baneling x16  
  88  10:21  Baneling x5  
  84  10:25  Zergling x8  
  84  10:26  Zergling x14  
  89  10:39  Roach x5  
  89  10:40  Roach  
  98  10:47  Drone  
  98  10:48  Drone x6  
  92  11:11  Zergling x6  
  92  11:12  Zergling x4  
  96  11:25  Zergling x8  
  94  11:26  Zergling x6  
  93  11:46  Roach  
  93  11:47  Roach x3  
  89  11:54  Drone  
  89  11:55  Drone x7  
  96  12:07  Queen  
  98  12:08  Drone x3  
  98  12:09  Drone x5  
  98  12:14  Glial Reconstitution  
  106  12:35  Drone  
  106  12:36  Drone x8  
  106  12:37  Drone x2  
  108  12:42  Drone x3  
  108  12:43  Drone x6  
  117  12:56  Zergling x8  
  121  13:03  Zergling x6  
  121  13:04  Overlord, Zergling x4  
  120  13:25  Overlord x2  
  120  13:38  Overlord x2  
  120  13:39  Mutalisk x5  
  120  13:40  Mutalisk x2  
  127  14:04  Mutalisk x6, Roach  
  141  14:12  Zergling x2  
  141  14:13  Zergling x16  
  150  14:30  Zergling x8  
  150  14:31  Zergling x14  
  134  14:55  Zergling x4  
  134  14:56  Zergling x12  
  135  15:19  Hatchery  
  135  15:21  Extractor  
  128  15:22  Extractor  
  128  15:25  Infestation Pit, Overlord x6  
  128  15:26  Overlord x2  
  126  15:40  Evolution Chamber  
  126  15:41  Baneling x5  
  126  15:42  Baneling x8  
  125  15:43  Baneling, Zergling x8  
  125  15:44  Zergling x12  
  135  15:50  Queen  
  137  16:05  Infestor x2  
  137  16:09  Pathogen Glands  
  141  16:16  Hive  
  141  16:20  Baneling x6  
  141  16:21  Baneling x21  
  141  16:22  Baneling x6, Zergling x4  
  141  16:23  Zergling x12  
  118  16:53  Drone x7  
  118  16:54  Drone x4  
  118  17:03  Corruptor  
  118  17:04  Corruptor x2  
  118  17:05  Corruptor x2, Neural Parasite  
  128  17:09  Zergling x2  
  128  17:10  Zergling x18  
  138  17:17  Queen  
  140  17:37  Zergling x6  
  140  17:38  Extractor, Zergling x18  
  140  17:39  Extractor, Zergling x10  
  155  17:46  Queen  
  157  17:53  Queen  
  159  17:59  Zergling x10  
  159  18:00  Zergling x2  
  159  18:04  Zerg Melee Weapons Level 1  
  165  18:23  Zergling x12  
  165  18:24  Zergling x4  
  171  18:49  Infestor x2  
  171  18:50  Infestor x2  
  165  19:08  Zergling x2  
  165  19:09  Zergling x38  
  172  19:10  Zergling x6  
  134  19:28  Zergling x4  
  134  19:29  Zergling x4  
  134  19:30  Baneling  
  134  19:31  Baneling x19  
  117  19:32  Baneling x6, Zergling x2  
  117  19:33  Zergling x12  
  117  19:34  Zergling x6  
  117  19:35  Zergling x8  
  116  19:58  Zerg Missile Weapons Level 1  
  102  20:03  Mutalisk x3  
  102  20:04  Mutalisk x7  
  115  20:30  Drone x6  
  121  20:51  Zergling x4  
  121  20:52  Zergling x14  
  121  20:53  Zergling x8  
  121  20:55  Corruptor x5  
  144  20:59  Greater Spire  
  144  21:00  Extractor  
  144  21:03  Zergling x8  
  144  21:04  Extractor, Zergling x10  
  149  21:59  Corruptor x2  
  149  22:00  Corruptor  
  149  22:01  Hatchery  
  154  22:18  Hatchery  
  150  22:34  Infestor x3  
  156  22:38  Corruptor  
  139  23:20  Brood Lord x6  
Tags
 
Add a new tag
Caveats
  • Supply blocks, unpowered buildings, or Contaminate may cause inaccurate times.
  • Supply counts are checked every 10 seconds.